AoeStats
← 381855661

Arabia

510306670Analyzed
1v1 RM · 24h ago on Sep 30, 2026· 41m 58s· 2 players
Game mode
Random Map
Map size
Tiny (2 player)
Population
200
Speed
Normal
Resources
Standard
Victory
Conquest
Starting age
Dark Age
Ending age
Imperial Age
RankedLock teamsTeams togetherTeam positionsShared explorationLock speedFull tech treeHidden civsTurbo modeCheats
Victory
Defeat
🇨🇳 Slavs · China
955
+17
🇧🇪 Italians · Belgium
981
-17
381855661
4:57 Loom
10:57 Feudal Age
11:29 Double-Bit Axe
11:25 Horse Collar
21:34 Castle Age
19:42 Gold Mining
19:44 Stone Mining
21:33 Bloodlines
21:31 Scale Barding Armor
21:36 Forging
22:44 Bow Saw
22:42 Husbandry
23:34 Heavy Plow
26:40 Chain Barding Armor
28:45 Wheelbarrow
27:56 Town Watch
28:58 Gold Shaft Mining
30:19 Hand Cart
31:23 Iron Casting
35:41 Imperial Age
33:25 Squires
32:45 Man-at-Arms
33:26 Scale Mail Armor
33:09 Pikeman
34:13 Long Swordsman
35:12 Chain Mail Armor
36:48 Conscription
35:50 Two-Handed Swordsman
37:02 Plate Mail Armor
37:33 Blast Furnace
37:47 Two-Man Saw
37:18 Crop Rotation
36:12 Capped Ram
37:36 Druzhina
37:32 Champion
38:10 Siege Ram
40:16 Light Cavalry
41:33 Plate Barding Armor
40:58 Hussar
Heisenberg
7:12 Loom
9:55 Feudal Age
10:57 Double-Bit Axe
11:30 Horse Collar
11:51 Man-at-Arms
12:52 Gold Mining
20:29 Castle Age
18:59 Fletching
21:51 Bow Saw
23:24 Stone Mining
23:25 Crossbowman
24:44 Wheelbarrow
24:19 Heavy Plow
25:36 Stone Shaft Mining
24:58 Bodkin Arrow
25:11 Scale Barding Armor
26:12 Hand Cart
27:10 Forging
28:21 Town Watch
29:18 Thumb Ring
29:26 Padded Archer Armor
30:26 Iron Casting
30:32 Leather Archer Armor
30:28 Pikeman
31:43 Scale Mail Armor
32:15 Squires
35:37 Imperial Age
34:28 Chain Mail Armor
34:18 Town Patrol
34:00 Elite Skirmisher
36:02 Chain Barding Armor
36:04 Ballistics
37:14 Arbalester
40:00 Two-Man Saw
40:18 Chemistry
40:19 Bracer
40:50 Ring Archer Armor
40:56 Plate Barding Armor
Connection lost

Rejoining the realm…

Still unreachable

The connection could not be restored.

Session expired

The server has moved on; the page needs a fresh start.